 Dungeon Crawl Stone Soup version 0.30-a0-777-ga9a30cbeda (webtiles) character file.

Game seed: 6361418705988058654

17 Heoruswealwe the Caller (level 2, -1/13 (15) HPs)
             Began as a Deep Elf Summoner on Feb 14, 2023.
             Slain by a kobold
             ... wielding a +2 short sword of draining
              (3 damage)
             ... on level 1 of the Dungeon.
             The game lasted 00:09:55 (870 turns).

Heoruswealwe the Caller (Deep Elf Summoner)          Turns: 870, Time: 00:09:56

HP:   -1/13 (15)    AC:  2    Str:  5    XL:     2   Next: 44%
MP:   7/8           EV: 12    Int: 25    God:
Gold: 37            SH:  0    Dex: 15    Spells: 6/7 levels left

rFire   . . .      SeeInvis .    h - staff of conjuration
rCold   . . .      Faith    .    (no shield)
rNeg    . . .      Spirit   .    a - +0 robe
rPois   .          Reflect  .    (no helmet)
rElec   .          Harm     .    (no cloak)
rCorr   .          Rampage  .    (no gloves)
Will    .....                    (no boots)
Stlth   ++                       (no amulet)
HPRegen 0.22/turn                e - +6 ring of intelligence
MPRegen 0.11/turn                (no ring)

@: heavily drained
A: no striking features
a: no special abilities


You were on level 1 of the Dungeon.
You visited 1 branch of the dungeon, and saw 1 of its levels.

You collected 37 gold pieces.

Inventory:

Hand Weapons
 j - a +0 club
 m - a +0 whip
 o - a +0 dagger
Missiles
 k - 5 stones
Armour
 a - a +0 robe (worn)
 c - a +0 leather armour
 n - a +0 leather armour
Magical Staves
 h - a staff of conjuration (weapon)
Jewellery
 e - a +6 ring of intelligence (left hand)
 g - an amulet of guardian spirit
Scrolls
 f - a scroll of identify {unknown}
Potions
 b - a potion of magic
 d - a potion of haste {unknown}
 i - a potion of mutation {unknown}
 l - a potion of heal wounds {unknown}


   Skills:
 + Level 0.0 Fighting
 + Level 0.3 Long Blades
 + Level 2.5 Dodging
 + Level 2.5 Stealth
 * Level 3.2 Spellcasting
 + Level 0.7 Conjurations
 + Level 0.0 Hexes
 * Level 4.4 Summonings
 + Level 0.0 Necromancy
 + Level 0.0 Translocations
 + Level 0.0 Transmutations
 + Level 0.2 Fire Magic
 + Level 0.0 Ice Magic
 + Level 0.4 Air Magic
 + Level 0.0 Earth Magic
 + Level 0.0 Poison Magic
 + Level 0.3 Invocations
 + Level 0.0 Evocations


You had 6 spell levels left.
You knew the following spells:

 Your Spells              Type           Power      Damage    Failure   Level
a - Summon Small Mammal   Summ           100%       N/A       1%          1

Your spell library contained the following spells:

 Spells                   Type           Power      Damage    Failure   Level
 Call Imp                 Summ           26%        N/A       2%          2
 Call Canine Familiar     Summ           26%        N/A       4%          3
 Summon Guardian Golem    Hex/Summ       15%        N/A       12%         3
 Momentum Strike          Conj/Tloc      18%        3d8       13%         2
 Blink                    Tloc           8%         N/A       14%         2
 Lesser Beckoning         Tloc           8%         N/A       14%         2
 Summon Lightning Spire   Summ/Air       16%        N/A       34%         4
 Manifold Assault         Tloc           4%         N/A       67%         4
 Storm Form               Tmut/Air       2%         N/A       100%        7


Dungeon Overview and Level Annotations

Branches:
Dungeon (1/15)

Altars:
Gozag


Message History

Your quokka bites the goblin.
The goblin misses your quokka.
Your quokka barely misses the goblin.
Your quokka bites the goblin.
The goblin dies!
Okay, then.
You swap places.
You see here a +0 dagger.
o - a +0 dagger
h - a staff of conjuration (weapon)
Your quokka disappears in a puff of smoke!
You swap places.
Your quokka disappears in a puff of smoke!
A rat comes into view.
Casting: Summon Small Mammal (safe; 1% risk of failure)
Confirm with . or Enter, or press ? or * to list all spells.
The rat closely misses you.
You swap places.
Your rat bites the rat.
The rat dies!
A kobold comes into view.
It is wielding a +2 short sword of draining.
Gozag incites the kobold against you.
The kobold shouts!
The kobold goes berserk!
The kobold hits you with a +2 short sword of draining.
You feel drained.
You swap places.
The kobold barely misses you.
Your rat bites the kobold but does no damage.
Casting: Summon Small Mammal (safe; 1% risk of failure)
Confirm with . or Enter, or press ? or * to list all spells.
The kobold completely misses your rat.
Your rat barely misses the kobold.
The kobold hits your rat with a +2 short sword of draining!
Your rat dies!
Your rat's corpse disappears in a puff of smoke!
You closely miss the kobold.
The kobold hits you with a +2 short sword of draining!
Ouch! That really hurt!
You feel drained.
* * * LOW HITPOINT WARNING * * *
Your quokka barely misses the kobold.
The kobold hits you with a +2 short sword of draining.
You die...

#### ...##### #######
##.#... #.K@..# #.#.#
#r###.# #...# .###.#
#.# #...# .. ..# #.#
###.# #.##### #.######
#.#####.# #......#
#.......##### ######.#
####........## #.#
####.....#...#######.#


You could see a kobold (berserk, incited, ally target) and a friendly quokka
(summoned).

Vanquished Creatures (collateral kills)
  2 endoplasms (D:1)
  2 goblins (D:1)
  A hobgoblin (D:1)
  2 ball pythons (D:1)
  5 bats (D:1)
  4 frilled lizards (D:1)
  2 rats (D:1)
18 creatures vanquished.

Notes
Turn   | Place    | Note
-------+----------+-------------------------------------------
     0 | D:1      | Heoruswealwe the Deep Elf Summoner began the quest for the
                  | Orb.
     0 | D:1      | Reached XP level 1. HP: 10/10 MP: 6/6
   332 | D:1      | Reached XP level 2. HP: 15/15 MP: 6/8
   358 | D:1      | Found a faded altar of an unknown god.
   404 | D:1      | Prayed at the altar of an unknown god.
   404 | D:1      | Became a worshipper of Gozag Ym Sagoz the Greedy
   406 | D:1      | Fell from the grace of Gozag
   870 | D:1      | Slain by a kobold

Illustrated notes

Levels and vault maps discovered:
D:1:      dpeg_arrival_line_fractal, layout_loops_ring, basic_ecumenical_altar

Action                     || total
---------------------------++-------
  Melee: Staff             ||     1
   Cast: Summon Small Mamm ||    21
 Invoke: Renounce Religion ||     1
 Armour: Robe              ||     9
  Dodge: Dodged            ||    17

Table legend: (Time is in decaauts)
 A = Elapsed time spent in this place.
 B = Non-inter-level travel time spent in this place.
 C = Inter-level travel time spent in this place.
 D = Time resting spent in this place.
 E = Time spent auto-exploring this place.
 F = Levels seen in this place.
 G = Mean time per level.
                   A        B        C        D        E       F      G
               +--------+--------+--------+--------+--------+-----+--------+
         Total |    869 |    818 |     51 |      0 |      0 |   1 |  869.0 |
       Dungeon |    869 |    818 |     51 |      0 |      0 |   1 |  869.0 |
               +--------+--------+--------+--------+--------+-----+--------+

Top non-repeatable levels by time:
     D:1: 869 daAuts
